 Dungeon Crawl Stone Soup version 0.21.1-1-g345015f (webtiles) character file.

22586 Goblin1989 the Martial Artist (level 12, -1/94 HPs)
             Began as a Demonspawn Transmuter on Mar 2, 2018.
             Was a High Priest of Wu Jian.
             Slain by a two-headed ogre
             ... wielding a +0 giant spiked club
              (12 damage)
             ... on level 13 of the Dungeon.
             The game lasted 00:55:41 (14988 turns).

Goblin1989 the Martial Artist (DsTm)               Turns: 14988, Time: 00:55:42

Health: -1/94      AC: 12    Str: 13    XL:     12   Next: 64%
Magic:  26/32      EV: 12    Int: 18    God:    Wu Jian [*****.]
Gold:   907        SH:  6    Dex: 13    Spells: 5/26 levels left

rFire    + . .     SeeInvis .     - Unarmed
rCold    . . .     Gourm    .   (shield currently unavailable)
rNeg     . . .     Faith    .   H - +0 scale mail {rF+}
rPois    .         Spirit   .   h - +0 helmet
rElec    .         Reflect  +   (no cloak)
rCorr    +         Harm     .   (gloves currently unavailable)
MR       .....                  (no boots)
Stlth    ..........             o - +6 amulet of reflection
HPRegen  0.25/turn              Q - ring of magical power
MPRegen  0.23/turn              W - ring of wizardry

@: blade hands, very slightly contaminated
A: talons 2, yellow scales 3, foul stench 1, spiny 1, rot immunity
a: End Transformation, Wall Jump, Serpent's Lash, Heavenly Storm, Renounce
Religion


You were on level 13 of the Dungeon.
You worshipped Wu Jian.
Wu Jian was extremely pleased with you.
You were not hungry.
You had blades for hands.
You visited 2 branches of the dungeon, and saw 14 of its levels.
You also visited: Sewer and Ossuary.

You collected 907 gold pieces.

Inventory:

Hand Weapons
 L - the +0 hand axe "Lecsar" {antimagic, MR+}
   (You found it on level 6 of the Dungeon)

   It reduces the magical energy of the wielder, and disrupts the spells and
   magical abilities of those hit.
   Natural abilities and divine invocations are not affected.
   It affects your resistance to hostile enchantments.
 U - a +3 dire flail of protection
Missiles
 a - 116 arrows
 f - 6 javelins
 i - 499 stones (quivered)
 u - 41 sling bullets
 Z - 2 throwing nets {!d}
Armour
 h - a +0 helmet (worn)
 j - a +1 ring mail
 t - a +0 robe of fire resistance
 z - the +1 robe of Pragmatism {*Drain rPois rC+}
   (You found it on level 11 of the Dungeon)

   It protects you from cold.
   It protects you from poison.
   It causes draining when unequipped.
 H - a +0 scale mail of fire resistance (worn)
 Y - the +1 leather armour "Goom" {-Cast MR+ Stlth+}
   (You found it on level 8 of the Dungeon)

   It affects your resistance to hostile enchantments.
   It prevents spellcasting.
   It makes you more stealthy.
Magical Staves
 b - an uncursed staff of poison
Jewellery
 c - an uncursed amulet of faith {unknown}
 o - a +6 amulet of reflection (around neck)
 r - an uncursed amulet of regeneration
 y - a +2 ring of strength
 J - an uncursed ring of fire
 Q - a ring of magical power (left scythe-like blade)
 W - a ring of wizardry (right scythe-like blade)
Wands
 x - a wand of random effects (25)
 I - a wand of iceblast (9)
 P - a wand of paralysis (12)
 S - a wand of flame (24)
Scrolls
 m - a scroll of brand weapon {unknown}
 n - 2 scrolls of amnesia
 w - a scroll of vulnerability {unknown}
 B - a scroll of blinking
 D - a scroll of fog
 F - a scroll of magic mapping {unknown}
 M - a scroll of random uselessness {unknown}
 T - 4 scrolls of teleportation {!r, @r3}
 X - 3 scrolls of remove curse {@r2}
Potions
 d - a potion of might {unknown}
 g - 3 potions of mutation {unknown}
 k - 2 potions of flight
 p - 2 potions of haste {@q3, !q}
 q - 3 potions of berserk rage
 s - 2 potions of resistance
 v - a potion of curing {@q1}
 A - 2 potions of heal wounds {@q2, !q}
 C - a potion of cancellation
 E - 3 potions of agility
 G - 2 potions of lignification
 N - 3 potions of magic
 O - 2 potions of ambrosia
 V - 2 potions of brilliance
Comestibles
 e - 24 rations


   Skills:
 + Level 8.4 Fighting
 + Level 3.4 Armour
 + Level 7.8 Dodging
 * Level 11.9 Unarmed Combat
 + Level 7.8 Spellcasting
 + Level 7.8 Transmutations
 + Level 3.1 Evocations


You had 5 spell levels left.
You knew the following spells:

 Your Spells              Type           Power        Failure   Level  Hunger
a - Beastly Appendage     Tmut           #####.       8%          1    None
b - Sticks to Snakes      Tmut           #####...     10%         2    None
c - Blade Hands           Tmut           #####.....   50%         5    #####..
d - Animate Skeleton      Necr           N/A          47%         1    None
e - Confusing Touch       Hex            #.....       47%         1    None
f - Spider Form           Tmut/Pois      ###.......   36%         3    #......
g - Ice Form              Ice/Tmut       ###.....     65%         4    ###....
h - Lesser Beckoning      Tloc           #.........   77%         3    #......
o - Apportation           Tloc           #.....       47%         1    None


Dungeon Overview and Level Annotations

Branches:
Dungeon (13/15)            Temple (1/1) D:4            Lair (0/6) D:11
    Orc: D:9-12      Vaults: D:13-14

Altars:
Ashenzari
Elyvilon
Gozag
Okawaru
Qazlal
Sif Muna
Trog
Uskayaw
Wu Jian
Xom
Yredelemnul
The Shining One

Shops:
D:12 (

Annotations:
D:4 2 exclusions, TheDeathLetter's ghost, amateur MiAK
D:12 Frances


Innate Abilities, Weirdness & Mutations

You have razor-sharp toenails.
You are completely covered in yellow scales. (AC +4, rCorr)
You may emit foul miasma when damaged in melee.
You are partially covered in sharp spines.
You are immune to rotting.


Message History

The deep elf mage is struck by your spines.
The deep elf mage closely misses you. x2
Items here: ( )))))))) [ ††† You barely miss the ogre mage.
You claw the ogre mage.
The ogre mage is lightly wounded.
The deep elf mage closely misses you.
You barely miss the ogre mage. Your kick misses the ogre mage.
The ogre mage is lightly wounded.
The deep elf mage barely misses you. The ogre mage hits you!
* * * LOW HITPOINT WARNING * * *
You take 8 damage, and have 29/93 hp.
Unknown command.
You punch the ogre mage! Your kick misses the ogre mage.
The ogre mage is moderately wounded.
The deep elf mage closely misses you.
The deep elf mage is struck by your spines.
The deep elf mage closely misses you.
Unknown command.
You spin and attack the deep elf mage.
You catch the helpless deep elf mage completely off-guard!
You hit the deep elf mage.
You claw the deep elf mage, but do no damage.
You punch the deep elf mage.
The deep elf mage is heavily wounded.
The deep elf mage is struck by your spines.
The deep elf mage hits you but does no damage.
The deep elf mage looks sick.
Casting: Blade Hands
Confirm with . or Enter, or press ? or * to list all spells.
Your hands turn into razor-sharp scythe blades.
The ogre mage barely misses you.
The deep elf mage hits you with a dagger.
* * * LOW HITPOINT WARNING * * *
You take 1 damage, and have 28/93 hp.
You now have 27/32 mp.
You barely miss the ogre mage. You claw the ogre mage!
The ogre mage is heavily wounded.
The ogre mage hits you.
* * * LOW HITPOINT WARNING * * *
The ogre mage looks sick.
You emit a cloud of foul miasma!
The deep elf mage gestures at you while chanting.
The bolt of lightning misses you.
You take 6 damage, and have 22/93 hp.
You shred the ogre mage!!!
You kill the ogre mage!
The Council accepts your kill.
Your transformation is almost over.
You flicker for a moment.
You hear two shouts!
Unknown command.
You lunge at the deep elf mage.
You strike the helpless deep elf mage from behind!
You shred the deep elf mage!!!
You kill the deep elf mage!
The Council accepts your kill.
Your Evocations skill increases to level 3!
You spin and attack the deep elf mage.
You catch the helpless deep elf mage completely off-guard!
You slice the deep elf mage!!
You kill the deep elf mage!
The Council accepts your kill. The ogre hits you with a giant club.
* * * LOW HITPOINT WARNING * * *
Items here: ( )))))))) [[ †††† You take 2 damage, and have 20/94 hp.
a - 116 arrows (gained 1)
Things that are here:
a rapier of electrocution; an elf corpse Unknown command.
Unknown command.
You have no room to wall jump there.
The ogre barely misses you.
Items here: ( )))))))) [[ †††† You slash the ogre!
Your kick misses the ogre.
The ogre is heavily wounded.
You flicker back into view.
The ogre barely misses you.
You slice the ogre!!
You kill the ogre!
The Council accepts your kill.
Items here: )) [ † a giant club; a dagger; a leather armour; an ogre corpse A two-headed ogre comes into view.
It is wielding two giant spiked clubs.
You see here an arrow.
Your hands revert to their normal proportions.
Items here: )) [ † a giant club; a dagger; a leather armour; an ogre corpse
Items here: ( )))))))) [[ ††††
Casting: Blade Hands
Confirm with . or Enter, or press ? or * to list all spells.
Your hands turn into razor-sharp scythe blades.
The two-headed ogre is struck by your spines.
The two-headed ogre hits you with a giant spiked club!
* * * LOW HITPOINT WARNING * * *
The two-headed ogre hits you but does no damage.
You take 12 damage, and have 11/94 hp.
You now have 26/32 mp.
You slice the two-headed ogre!!
The two-headed ogre is moderately wounded.
The two-headed ogre is struck by your spines.
The two-headed ogre closely misses you.
The two-headed ogre hits you with a giant spiked club!
You die...

███.......█ █.█.........█
█.).......███.█.█.█.█.███
█..██.......█......<..... ███
█..███████..█████.███████ O.
█..█....?█..█ █...█...█
.██..██.█$.█..███.█...█.█
█.█..█.█)█.█.......>███.█
█..██.█..█.██O)██████.......█
█....O...()█@█


█████████ ███.█..█.█████ .......... .............. █████.█..█.█████ ..........
.██.█..█.██. █.█..█.█ You could see a two-headed ogre.

Vanquished Creatures
  3 centaur warriors
  4 two-headed ogres
  An ogre mage (D:13)
  A deep elf archer (D:13)
  An unseen horror (D:11)
  The ghost of ciel the Skirmisher, a novice MiFi of Cheibriados (D:6)
  3 ugly things
  4 deep elf magi
  A cyclops (D:12)
  A manticore (D:11)
  A gargoyle (D:11)
  3 trolls
  3 hippogriffs
  27 yaks
  2 wyverns
  Eustachio (D:6)
  Edmund (D:5)
  3 wargs (D:11)
  3 orc warriors
  2 ice beasts
  2 sky beasts
  3 black bears
  A necrophage (D:13)
  A hornet zombie (D:9)
  3 phantoms
  3 centaurs (D:13)
  5 ogres
  4 crocodiles
  Blork the orc (D:6)
  2 big kobolds
  3 bullfrogs
  A wyvern zombie (D:11)
  4 scorpions
  A water moccasin skeleton (D:8)
  10 killer bees
  2 howler monkeys (D:8)
  7 crimson imps
  A bullfrog zombie (D:11)
  7 hounds
  7 orc priests
  3 centaur skeletons
  4 bullfrog skeletons
  A jelly (D:7)
  2 gnoll shamans (D:7)
  5 iguanas
  Natasha (twice) (D:3)
  10 orc wizards
  9 worker ants
  A big kobold zombie (Ossuary)
  8 mummies (Ossuary)
  2 howler monkey zombies
  A worker ant zombie (D:11)
  14 gnolls
  19 adders
  2 shadow imps
  2 adder skeletons
  4 worms
  3 dart slugs (D:1)
  8 leopard geckos
  41 orcs
  2 ball pythons
  4 giant cockroaches
  8 goblins
  10 hobgoblins
  10 jackals
  5 quokkas
  10 bats
  4 frilled lizards
  3 gnoll zombies (Ossuary)
  A hobgoblin zombie (Ossuary)
  A jackal skeleton (D:4)
  16 kobolds
  2 kobold zombies (Ossuary)
  An orc zombie (Ossuary)
  A quokka skeleton (D:7)
  10 rats
363 creatures vanquished.

Vanquished Creatures (collateral kills)
  A two-headed ogre (D:10)
  A black bear (D:6)
2 creatures vanquished.

Vanquished Creatures (others)
  A wyvern skeleton (D:13)
1 creature vanquished.

Grand Total: 366 creatures vanquished

Notes
Turn   | Place    | Note
-------+----------+-------------------------------------------
     0 | D:1      | Goblin1989 the Demonspawn Transmuter began the quest for the Orb.
     0 | D:1      | Reached XP level 1. HP: 15/15 MP: 3/3
   132 | D:1      | Reached skill level 3 in Unarmed Combat
   253 | D:1      | Gained mutation: You are partially covered in sharp spines. [demonic ancestry]
   253 | D:1      | Reached XP level 2. HP: 17/21 MP: 5/5
  1065 | D:1      | Gained mutation: You are partially covered in yellow scales. (AC +2) [demonic ancestry]
  1065 | D:1      | Reached XP level 3. HP: 21/26 MP: 6/6
  1384 | D:2      | Reached skill level 4 in Unarmed Combat
  1919 | D:2      | Reached XP level 4. HP: 32/32 MP: 7/7
  2485 | D:3      | Reached skill level 5 in Unarmed Combat
  2596 | D:3      | Reached XP level 5. HP: 30/37 MP: 8/8
  2600 | D:3      | Learned a level 2 spell: Sticks to Snakes
  2606 | D:3      | Learned a level 5 spell: Blade Hands
  2619 | D:3      | Noticed Natasha
  2624 | D:3      | Killed Natasha
  3080 | D:3      | Noticed Natasha
  3088 | D:3      | Killed Natasha
  3238 | D:4      | Noticed TheDeathLetter's ghost (amateur MiAK)
  3299 | D:4      | Found a staircase to the Ecumenical Temple.
  3306 | Temple   | Entered the Ecumenical Temple
  3350 | Temple   | Became a worshipper of the Wu Jian Council
  3458 | D:4      | Found a glowing drain.
  3467 | Sewer    | Entered a sewer
  3577 | Sewer    | Noticed a crocodile
  3599 | Sewer    | Killed a crocodile
  3599 | Sewer    | Gained mutation: You are immune to rotting. [demonic ancestry]
  3599 | Sewer    | Reached XP level 6. HP: 11/44 MP: 1/9
  4728 | D:4      | Reached skill level 6 in Unarmed Combat
  4887 | D:4      | Reached * piety under Wu Jian
  4887 | D:4      | Gained mutation: You have sharp toenails. [demonic ancestry]
  4887 | D:4      | Reached XP level 7. HP: 43/51 MP: 11/11
  5044 | D:4      | Learned a level 1 spell: Animate Skeleton
  5046 | D:4      | Learned a level 1 spell: Apportation
  5048 | D:4      | Learned a level 1 spell: Confusing Touch
  5105 | D:5      | Entered Level 5 of the Dungeon
  5865 | D:5      | Noticed Edmund
  5945 | D:5      | Killed Edmund
  5945 | D:5      | Gained mutation: You are mostly covered in yellow scales. (AC +3) [demonic ancestry]
  5945 | D:5      | Reached XP level 8. HP: 32/58 MP: 13/13
  5953 | D:5      | Learned a level 3 spell: Spider Form
  6311 | D:6      | Got a polished hand axe
  6312 | D:6      | Identified the cursed +0 hand axe "Lecsar" {antimagic, MR+} (You found it on level 6 of the Dungeon)
  6450 | D:6      | Noticed ciel's ghost (novice MiFi)
  6470 | D:6      | Reached skill level 7 in Unarmed Combat
  6505 | D:6      | Killed ciel's ghost
  6676 | D:6      | Noticed Eustachio
  6710 | D:6      | Killed Eustachio
  6944 | D:6      | Reached ** piety under Wu Jian
  6996 | D:6      | Noticed Blork the orc
  7002 | D:6      | Killed Blork the orc
  7002 | D:6      | Reached XP level 9. HP: 66/66 MP: 15/15
  7170 | D:7      | Reached skill level 8 in Unarmed Combat
  7614 | D:7      | Found an opulent altar of Gozag.
  7616 | D:7      | Found a basalt altar of Yredelemnul.
  7998 | D:7      | Found a shattered altar of Ashenzari.
  8032 | D:7      | Found a white marble altar of Elyvilon.
  8065 | D:7      | Found a deep blue altar of Sif Muna.
  8066 | D:7      | Found a hide-covered altar of Uskayaw.
  8320 | D:8      | Got a jewelled leather armour
  8344 | D:8      | Identified the +1 leather armour "Goom" {-Cast MR+ Stlth+} (You found it on level 8 of the Dungeon)
  8367 | D:8      | Found a sand-covered staircase.
  8374 | Ossuary  | Entered an ossuary
  8387 | Ossuary  | Reached *** piety under Wu Jian
  8393 | Ossuary  | Reached skill level 5 in Fighting
  8815 | D:8      | Reached skill level 5 in Spellcasting
  8907 | D:8      | Reached skill level 5 in Transmutations
  8977 | D:8      | Reached skill level 5 in Dodging
  9259 | D:8      | Learned a level 4 spell: Ice Form
  9532 | D:9      | Reached skill level 9 in Unarmed Combat
  9543 | D:9      | Gained mutation: You are completely covered in yellow scales. (AC +4, rCorr) [demonic ancestry]
  9543 | D:9      | Reached XP level 10. HP: 73/75 MP: 18/18
  9549 | D:9      | Reached **** piety under Wu Jian
  9892 | D:9      | Found a shimmering altar of Xom.
  9892 | D:9      | Found an iron altar of Okawaru.
 10269 | D:10     | Entered Level 10 of the Dungeon
 10318 | D:10     | Noticed a purple ugly thing
 10328 | D:10     | Killed a purple ugly thing
 10733 | D:10     | Noticed a centaur warrior
 10741 | D:10     | Killed a centaur warrior
 10741 | D:10     | Reached skill level 10 in Unarmed Combat
 10906 | D:10     | Gained mutation: You have razor-sharp toenails. [demonic ancestry]
 10906 | D:10     | Reached XP level 11. HP: 68/83 MP: 20/20
 11089 | D:10     | Noticed a two-headed ogre
 11089 | D:10     | Reached ***** piety under Wu Jian
 11338 | D:10     | Noticed a two-headed ogre
 11348 | D:10     | Killed a two-headed ogre
 11590 | D:10     | Noticed a two-headed ogre
 11597 | D:10     | Killed a two-headed ogre
 12090 | D:11     | Found a staircase to the Lair.
 12784 | D:11     | Reached skill level 1 in Armour
 12866 | D:11     | Noticed a two-headed ogre
 12873 | D:11     | Killed a two-headed ogre
 12873 | D:11     | Reached skill level 11 in Unarmed Combat
 13040 | D:11     | Killed an unseen horror
 13213 | D:11     | Noticed a brown ugly thing
 13224 | D:11     | Killed a brown ugly thing
 13323 | D:11     | Got an opalescent robe
 13803 | D:12     | Learned a level 3 spell: Lesser Beckoning
 13834 | D:12     | Identified the cursed +1 robe of Pragmatism {*Drain rPois rC+} (You found it on level 11 of the Dungeon)
 13844 | D:12     | Found Ovefawe's Weapon Emporium.
 13925 | D:12     | Noticed a cyan ugly thing
 13931 | D:12     | Killed a cyan ugly thing
 14011 | D:12     | Gained mutation: You may emit foul miasma when damaged in melee. [demonic ancestry]
 14011 | D:12     | Reached XP level 12. HP: 91/92 MP: 22/22
 14022 | D:12     | Reached skill level 1 in Evocations
 14130 | D:12     | HP: 2/92 [deep elf mage/long sword (5)]
 14347 | D:12     | Noticed Frances
 14407 | D:13     | Noticed a centaur warrior
 14416 | D:13     | Killed a centaur warrior
 14924 | D:13     | Noticed a two-headed ogre
 14925 | D:13     | Noticed a two-headed ogre
 14925 | D:13     | Noticed an ogre mage
 14931 | D:13     | Noticed a centaur warrior
 14934 | D:13     | Killed a centaur warrior
 14944 | D:13     | Killed a two-headed ogre
 14954 | D:13     | HP: 3/93 [two-headed ogre/giant club (17)]
 14958 | D:13     | Killed a two-headed ogre
 14969 | D:13     | Killed an ogre mage
 14978 | D:13     | Noticed a two-headed ogre
 14988 | D:13     | Slain by a two-headed ogre

Skill      XL: |  1  2  3  4  5  6  7  8  9 10 11 12 |
---------------+-------------------------------------+-----
Unarmed Combat | 3 4 5 6 7 9 10 11 | 11.9
Dodging        | 2 3 4 5 6 7 |  7.8
Transmutations | 2 3 4 5 6 7 |  7.8
Fighting       | 2 3 4 5 6 7 8 |  8.4
Spellcasting   | 3 4 5 6 7 |  7.8
Armour         | 2 3 |  3.4
Evocations     | 3 |  3.1

Action                   |  1- 3 |  4- 6 |  7- 9 | 10-12 || total
-------------------------+-------+-------+-------+-------++-------
Melee: Unarmed           |   107 |    61 |   376 |   423 ||   967
       Kick              |     1 |       |   113 |   102 ||   216
       Punch             |     1 |     4 |    13 |    18 ||    36
       Short sword       |       |   149 |    27 |       ||   176
       Dire flail        |       |       |    19 |       ||    19
 Cast: Beastly Appendage |     1 |       |       |       ||     1
       Sticks to Snakes  |       |     4 |     8 |     2 ||    14
       Blade Hands       |       |       |     3 |    27 ||    30
       Animate Skeleton  |       |       |     1 |       ||     1
       Confusing Touch   |       |       |     7 |       ||     7
Invok: Lunge             |       |     7 |    33 |    28 ||    68
       Whirlwind         |       |       |    37 |    48 ||    85
       Wall Jump         |       |       |     2 |    14 ||    16
       Serpent's Lash    |       |       |       |     1 ||     1
  Use: Scroll            |       |     9 |    14 |     5 ||    28
       Potion            |       |       |     1 |     5 ||     6
 Stab: Sleeping          |     1 |       |       |     1 ||     2
       Confused          |       |       |     3 |       ||     3
       Invisible         |       |       |       |     8 ||     8
  Eat: Chunk             |     3 |     6 |    17 |    23 ||    49
       Ration            |       |     1 |       |     1 ||     2
Armor: Robe              |    20 |    33 |    51 |    38 ||   142
       Ring mail         |       |       |       |    12 ||    12
       Scale mail        |       |       |       |    14 ||    14
Dodge: Dodged            |    64 |   102 |   156 |   167 ||   489
Block: Other             |       |    33 |    82 |    80 ||   195
       Reflection        |       |       |     4 |     2 ||     6

Vault maps used:
D:1:      dpeg_arrival_morbid_curiosity
D:3:      first_ration, minmay_misc_feat_hallway, uniq_natasha
D:4:      temple_green, portal_sewer_entry_d, hangedman_decor_diamond_cutter,
          hangedman_minor_gate_pass
D:5:      corner_web_ring, uniq_edmund
D:6:      uniq_blork_the_orc, uniq_eustachio
D:7:      lemuel_round_altar, grunt_temple_overflow_open
D:8:      enter_ossuary_1
D:9:      minitemple
D:10:     grunt_ogre_cave
D:11:     erik_lair_orcish_takeover
D:12:     orc_0_dummy, serial_shops, nicolae_shop_crystal,
          yredelemnul_altar_generic, uniq_frances, uniq_erolcha
D:13:     hangedman_vaults_entry_quadrant_bands, lab_entry_generic,
          minmay_misc_feat_rows
Temple:   minmay_temple_curvy_branch
Sewer:    sewer_big_baddie
Ossuary:  ossuary_tomb_3
